 Dungeon Crawl Stone Soup version 0.18.1-5-g4a78601 (webtiles) character file.

1404712 inmateoo the Wrestler (level 27, -15/235 HPs)
             Began as a Demonspawn Wanderer on May 9, 2016.
             Was the Champion of Cheibriados.
             Demolished by a Hell Sentinel (16 damage)
             ... while paralysed by a giant eyeball
             ... on level 12 of a ziggurat.
             The game lasted 03:39:46 (70329 turns).

inmateoo the Wrestler (Demonspawn Wanderer)        Turns: 70329, Time: 03:39:47

Health: -15/235    AC: 21    Str: 39    XL:     27
Magic:  0/52       EV:  2    Int: 31    God:    Cheibriados [******]
Gold:   3076       SH:  0    Dex: 33    Spells: 12 memorised, 21 levels left

rFire  + + +     SeeInvis +       - Unarmed
rCold  + + +     Gourm    .     B - +3 leather armour of Free Will {rElec Slay+3}
rNeg   + + +     Faith    .     a - +5 shield {reflect}
rPois  ∞         Spirit   +     l - -2 hat of the Alchemist {rElec rPois rF+ rC+ rN+ MR+ rMut rCorr}
rElec  +         Dismiss  .     A - +0 cloak "Haodi" {*Confuse rPois Regen+ Dex+3}
rCorr  +         Reflect  +     b - +2 pair of gloves {Str+3}
rMut   +         Harm     .     (boots unavailable)
SustAt .         Clarity  +     P - amulet of the Four Winds {rN+ MR+++ Clar}
MR     +++++                    G - ring of Shadows {Umbra +Inv rN+ SInv}
Stlth  ++++......               i - ring "Wonkohur" {rF+ MR+}

@: paralysed, lich-form, wreathed by umbra, deflect missiles, very slow, almost
entirely resistant to hostile enchantments, stealthy
A: hooves 3, molten scales 3, blink, cold resistance 1, magic resistance 1,
powered by death 3, shaggy fur 1, augmentation 3, magic shield, magic
regeneration, magic link
a: End Transformation, Blink, Bend Time, Temporal Distortion, Slouch, Step From
Time, Renounce Religion, Evoke Invisibility
}: 15/15 runes: serpentine, barnacled, slimy, silver, golden, iron, obsidian,
icy, bone, abyssal, demonic, glowing, magical, fiery, dark


You were on level 12 of a ziggurat.
You worshipped Cheibriados.
Cheibriados was exalted by your worship.
You were not hungry.
You were a lich.
You visited 17 branches of the dungeon, and saw 92 of its levels.
You visited Pandemonium 2 times, and saw 30 of its levels.
You visited the Abyss 2 times.
You visited 1 ziggurat, and saw 12 of its levels.
You also visited: Bailey, Ice Cave and Volcano.

You collected 8869 gold pieces.
You spent 5793 gold pieces at shops.

Inventory:

Armour
 a - a +5 shield of reflection (worn)
 b - a +2 pair of gloves of strength (worn)
 l - the -2 hat of the Alchemist (worn) {rElec rPois rF+ rC+ rN+ MR+ rMut rCorr}
   (You found it on level 1 of the Depths)

   It protects you from fire.
   It protects you from cold.
   It insulates you from electricity.
   It protects you from poison.
   It protects you from negative energy.
   It affects your resistance to hostile enchantments.
   It protects you from acid and corrosion.
   It protects you from mutation.
 A - the +0 cloak "Haodi" (worn) {*Confuse rPois Regen+ Dex+3}
   (You acquired it on level 7 of the Iron City of Dis)

   It affects your dexterity (+3).
   It protects you from poison.
   It increases your rate of regeneration.
   It may confuse you when you take damage.
 B - the +3 leather armour of Free Will (worn) {rElec Slay+3}
   (You found it on level 6 of the Dungeon)

   It affects your accuracy and damage with ranged weapons and melee attacks
   (+3).
   It insulates you from electricity.
 Y - the +8 orange crystal plate armour {Archmagi, Int+3 Clar SustAt}
   (You acquired it on level 3 of the Snake Pit)

   It affects your intelligence (+3).
   It sustains your strength, intelligence and dexterity.
   It protects you against confusion.
Jewellery
 i - the ring "Wonkohur" (left hand) {rF+ MR+}
   (You found it on level 6 of a ziggurat)

   [ring of protection from magic]

   It protects you from fire.
   It affects your resistance to hostile enchantments.
 k - an uncursed ring of protection from fire
 q - the ring "Zojaypir" {+Fly Dex+3}
   (You found it in Pandemonium)

   [ring of dexterity]

   It affects your dexterity (+3).
   It lets you fly.
 x - the ring of Paupp {Ice MR+, unknown}
   (You found it on level 11 of a ziggurat)

   [ring of ice]

   It enhances your ice magic, and weakens your fire magic.
   It makes you vulnerable to fire.
   It protects you from cold.
   It affects your resistance to hostile enchantments.
 E - the ring "Duppeuw" {rC+ Str+3}
   (You found it on level 7 of a ziggurat)

   [ring of protection from cold]

   It affects your strength (+3).
   It protects you from cold.
 G - the ring of Shadows (right hand) {Umbra +Inv rN+ SInv}
   (You found it on level 3 of the Tomb of the Ancients)

   [ring of positive energy]

   It protects you from negative energy.
   It lets you see invisible.
   It lets you turn invisible.
 P - the amulet of the Four Winds (around neck) {rN+ MR+++ Clar}
   (You found it on level 6 of the Pits of Slime)

   [amulet of nothing]

   It protects you from negative energy.
   It affects your resistance to hostile enchantments.
   It protects you against confusion.
Wands
 h - a wand of digging (6/24)
 w - a wand of teleportation (4/9)
 M - a wand of disintegration (5/24)
 R - a wand of teleportation (4/9)
 U - a wand of teleportation (2/9)
 W - a wand of teleportation (3/9)
Scrolls
 c - 9 scrolls of teleportation
 d - 11 scrolls of blinking
 n - 53 scrolls of remove curse
 s - a scroll of amnesia
 t - 8 scrolls of fog
 v - 14 scrolls of recharging
 C - 14 scrolls of enchant armour
 J - 9 scrolls of fear
 S - 4 scrolls of summoning
 X - 2 scrolls of magic mapping
Potions
 m - 11 potions of might
 o - 6 potions of cancellation
 p - 33 potions of curing
 r - 9 potions of ambrosia
 D - 2 potions of brilliance
 K - 3 potions of resistance
 L - 10 potions of flight
 O - 11 potions of heal wounds
 Q - 5 potions of magic
 T - 5 potions of agility
 Z - 2 potions of invisibility
Miscellaneous
 e - a sack of spiders
 j - a box of beasts
 u - a stone of tremors
 y - a phial of floods
 F - a box of beasts
Comestibles
 f - 39 bread rations
 g - 25 meat rations
 H - a royal jelly
 V - 2 beef jerkies


   Skills:
 + Level 23.1 Fighting
 - Level 10.0 Armour
 * Level 21.4 Dodging
 - Level 2.8 Stealth
 - Level 14.8 Shields
 - Level 26.6 Unarmed Combat
 + Level 25.4 Spellcasting
 - Level 5.3 Charms
 - Level 21.5 Necromancy
 - Level 5.0 Translocations
 + Level 20.4 Transmutations
   Level 1.0 Fire Magic
 * Level 24.1 Air Magic
 - Level 15.0 Earth Magic
 - Level 11.6 Invocations
 * Level 7.8 Evocations


You had 21 spell levels left.
You knew the following spells:

 Your Spells              Type           Power        Failure   Level  Hunger
a - Statue Form           Trmt/Erth      #######..    1%          6    N/A
b - Dragon Form           Trmt           ########..   1%          7    N/A
c - Shroud of Golubria    Chrm/Tloc      ######....   1%          2    N/A
d - Regeneration          Chrm/Necr      ########..   0%          3    N/A
f - Necromutation         Trmt/Necr      ########..   1%          8    N/A
g - Song of Slaying       Chrm           ######..     1%          2    N/A
h - Apportation           Tloc           ######....   1%          1    N/A
i - Blink                 Tloc           N/A          1%          2    N/A
j - Passage of Golubria   Tloc           N/A          1%          4    N/A
k - Lee's Rapid Deconstr  Erth           #######...   1%          5    N/A
l - Tornado               Air            ########..   8%          9    N/A
m - Deflect Missiles      Chrm/Air       #######...   1%          6    N/A

Dungeon Overview and Level Annotations

Branches:
Dungeon (15/15)            Temple (0/1) D:6            Lair (8/8) D:10
 Shoals (4/4) Lair:3        Snake (4/4) Lair:6        Slime (6/6) Lair:8
    Orc (2/2) D:12            Elf (3/3) Orc:2        Vaults (5/5) D:13
  Crypt (3/3) Vaults:3       Tomb (3/3) Crypt:3      Depths (5/5) D:15
   Hell (1/1)                 Dis (7/7) Hell            Geh (7/7) Hell
    Coc (7/7) Hell            Tar (7/7) Hell            Zot (5/5) Depths:5

Altars:
Cheibriados
Dithmenos
Elyvilon
Kikubaaqudgha
Nemelex Xobeh
Pakellas
Qazlal
Ru
Vehumet
Xom
Yredelemnul
The Shining One
Beogh

Shops:
D:14 [   Orc:2 [%:!   Elf:1 ?   Elf:3 }?%*   Vaults:5 }   Depths:5 *

Portals:
Hell: Depths:1 Depths:2 Depths:3 Depths:4 Depths:5
Abyss: Depths:1 Depths:4
Pandemonium: Depths:3
Ziggurat: Depths:3

Annotations:
D:8 exclusion: 2 doors
D:12 1 runed door
Lair:8 exclusion: 3 doors
Elf:2 3 runed doors
Zot:5 1 exclusion


Innate Abilities, Weirdness & Mutations

You have hooves in place of feet.
You are completely covered in molten scales (AC +4, EV -1, rF+).
You regenerate a lot of health from kills.
Your magical and physical power is greatly enhanced at high health.
When hurt, damage is shared between your health and your magic reserves.
You regenerate magic rapidly.
When low on magic, you restore magic in place of health.
You can translocate small distances at will.
Your flesh is cold resistant.
You are resistant to hostile enchantments.
You are covered in fur (AC +1).


Message History

* * * LOW HITPOINT WARNING * * *
You feel your power leaking away.
The Killer Klown blinks!
The Hell Sentinel hits you!!
* * * LOW HITPOINT WARNING * * *
The Hell Sentinel hits you but does no damage.
The frost giant hits you but does no damage.
Seamis hits you!
* * * LOW HITPOINT WARNING * * *
The chaos spawn hits you but does no damage.
Seamis hits you!
* * * LOW HITPOINT WARNING * * *
You feel your power leaking away. Meroc hits you.
* * * LOW HITPOINT WARNING * * *
The Killer Klown blinks!
The frost giant hits you.
* * * LOW HITPOINT WARNING * * *
The Hell Sentinel hits you!
* * * LOW HITPOINT WARNING * * *
The Hell Sentinel hits you!
You die...

.........p...▓▓
..............▓▓
...............▓▓
................▓▓
.................▓
.................▓
......G†§........▓▓
....Tk3L&......∩..▓
......&C1........▓▓
.......2.........▓
.................▓
................▓▓
...............▓▓
..............▓▓
.............▓▓


You could see Meroc, Seamis, a Killer Klown, a Hell Sentinel, a frost giant, a
balrug, a death drake shaped shifter, a troll shaped shifter, a chaos spawn and
a giant eyeball.

Vanquished Creatures
  Cerebov (Pan)
  Antaeus (Coc:7)
  Asmodeus (Geh:7)
  the Royal Jelly (Slime:6)
  Ereshkigal (Tar:7)
  Gloorx Vloq (Pan)
  the Serpent of Hell (Dis:7)
  Lom Lobon (Pan)
  Mnoleg (Pan)
  3 orbs of fire
  Dispater (Dis:7)
  A juggernaut (Depths:5)
  Mennas (Vaults:2)
  13 greater mummies
  Sojobo (Depths:3)
  Boris (Vaults:5)
  Saint Roka (Depths:3)
  Norris (D:13)
  Frederick (Tomb:3)
  Margery (Depths:3)
  24 shard shrikes
  3 Killer Klowns
  Vashnia (Snake:4)
  Geryon (Hell)
  A caustic shrike (Zig:11)
  12 pandemonium lords
  Nikola (Vaults:1)
  6 iron giants
  16 golden dragons
  A profane servitor (Crypt:3)
  31 Tzitzimimeh
  2 electric golems (Zot:4)
  20 Brimstone Fiends
  16 bone dragons
  9 doom hounds
  4 hellephants
  Jorgrun (Elf:2)
  16 tentacled monstrosities
  6 Orb Guardians (Zot:5)
  13 liches
  17 Ice Fiends
  7 Hell Sentinels
  Rupert (D:13)
  Asterion (Snake:4)
  3 deep elf blademasters
  The ghost of Arial99 the Fencer, an adept MiFi of Okawaru (Snake:4)
  6 quicksilver dragons
  5 titans (Vaults:5)
  The ghost of Scarto the Hoplite, an adept GrFi of Makhleb (Elf:3)
  7 ancient champions
  4 deep elf master archers
  18 Executioners (Pan)
  2 krakens
  5 eldritch tentacles
  8 death cobs
  Polyphemus (Shoals:3)
  15 acid blobs
  13 tentacled starspawn
  12 sphinxes
  A thorn hunter (Zig:3)
  Roxanne (Snake:4)
  Agnes (Snake:2)
  10 shadow dragons
  Kirke (D:15)
  15 storm dragons
  4 revenants
  6 tengu reavers
  A storm dragon (shapeshifter) (Elf:3)
  8 draconian monks
  Ilsuiw (Shoals:4)
  14 greater nagas
  17 frost giants
  16 azure jellies
  3 draconian knights
  4 draconian scorchers
  22 fire giants
  5 deep elf sorcerers
  Wiglaf (Vaults:3)
  5 iron dragons
  2 caustic shrike zombies
  An orc warlord (Orc:1)
  22 vault wardens
  Aizul (Shoals:1)
  Louise (Shoals:1)
  4 draconian zealots
  2 ghost moths (Zot:4)
  5 blood saints (Pan)
  20 cacodemons
  30 balrugs
  A juggernaut zombie (Depths:3)
  3 warmongers (Pan)
  6 draconian shifters
  4 curse skulls
  4 deep elf elementalists
  16 ghouls
  9 draconian annihilators
  19 very ugly things
  36 stone giants
  A stone giant (shapeshifter) (Vaults:5)
  3 elemental wellsprings (Coc:7)
  13 ironheart preservers
  15 war gargoyles
  11 green draconians
  An ophan (Depths:2)
  64 reapers
  13 corrupters (Pan)
  9 deep elf demonologists
  3 draconian callers
  13 vampire knights
  Nessos (Lair:8)
  6 salamander stormcallers
  12 lorocyprocas
  4 yellow draconians
  13 deep elf annihilators
  13 chaos champions
  11 mottled draconians
  3 dire elephants
  4 bennus
  9 red draconians
  7 purple draconians
  Azrael (D:15)
  14 black draconians
  11 white draconians
  9 spark wasps
  9 black suns (Pan)
  23 blizzard demons
  9 merfolk javelineers
  5 eidola
  23 fire dragons
  28 vault guards
  2 crystal guardians
  8 deep elf death magi
  20 green deaths (Pan)
  15 ettins
  9 death oozes
  7 merfolk impalers
  20 yaktaur captains
  11 deep elf high priests
  17 jiangshi
  14 mummy priests
  12 quicksilver dragon zombies
  2 kraken zombies
  9 entropy weavers
  5 quicksilver dragon skeletons
  9 rakshasas
  14 great orbs of eyes
  16 hydras
  5 hell beasts (Pan)
  41 ice dragons
  4 spriggan air magi
  22 naga warriors
  A great orb of eyes (shapeshifter) (Vaults:1)
  5 merfolk avatars
  2 catoblepae
  2 ghost crabs (Tar:1)
  18 monstrous demonspawn (Pan)
  30 anacondas
  10 centaur warriors
  11 death knights
  15 dancing weapons
  11 ogre magi
  9 tengu warriors
  7 merfolk aquamancers (Shoals:4)
  2 satyrs
  An alligator snapping turtle (Shoals:2)
  3 orc high priests (Orc:2)
  7 deep troll shamans
  9 deep troll earth magi
  8 thrashing horrors
  10 vampire magi
  16 hell hogs
  Urug (Lair:3)
  14 naga sharpshooters
  22 death yaks
  6 titan zombies
  8 spriggan berserkers
  9 shock serpents
  24 deep elf knights
  A shock serpent (shapeshifter) (Vaults:1)
  43 soul eaters
  Nergalle (D:12)
  85 sun demons
  56 large abominations
  6 storm dragon zombies
  6 wretched stars (Abyss:5)
  2 iron golems (Hell)
  2 fire crabs
  2 spriggans (Depths:4)
  22 shadow wraiths
  57 hell knights
  2 fire crabs (shapeshifter)
  5 death scarabs (Tomb:2)
  3 iron trolls
  5 salamander mystics
  5 titan skeletons
  A cherub (Pan)
  A spark wasp zombie (Hell)
  A death drake (Tar:3)
  6 sea snakes
  2 ghost moth zombies
  5 storm dragon skeletons
  18 flayed ghosts
  2 unseen horrors (shapeshifter) (Vaults:3)
  147 skeletal warriors
  2 spatial maelstroms (Abyss:5)
  19 shadow demons
  17 deep trolls
  A kraken simulacrum (Coc:7)
  14 gelid demonspawn (Pan)
  13 naga ritualists
  A swamp dragon (Zig:2)
  11 giant orange brains
  18 putrid demonspawn (Pan)
  14 torturous demonspawn (Pan)
  2 golden dragon zombies
  44 anubis guards
  17 phantasmal warriors
  7 anaconda zombies
  14 hill giants
  6 shadow dragon zombies
  13 unseen horrors
  3 golden dragon skeletons
  14 deep elf archers
  20 infernal demonspawn (Pan)
  An orange crystal statue (Zig:12)
  25 harpies
  An orb spider (shapeshifter) (Vaults:1)
  A statue (Volcano)
  6 anaconda skeletons
  6 wizards
  20 necromancers
  42 ugly things
  21 orc knights
  70 deep elf magi
  16 ironbrand convokers
  14 mana vipers
  10 cyclopes
  6 wolf spider zombies
  2 hornets
  A hornet (shapeshifter) (Depths:5)
  An iron dragon zombie (Geh:7)
  8 shadow dragon skeletons
  14 orc sorcerers
  10 shining eyes
  A tengu skeleton (Depths:3)
  26 elephants
  13 griffons
  6 stone giant zombies
  4 oklob plants
  25 moths of wrath
  2 iron dragon skeletons
  5 fire giant skeletons
  15 manticores
  6 fauns
  A spectral ettin (Crypt:3)
  10 frost giant zombies
  46 black mambas
  11 fire giant zombies
  2 worldbinders (Abyss:5)
  24 salamanders
  A toenail golem (Volcano)
  6 dire elephant zombies
  30 sixfirhies
  18 vault sentinels
  20 rust devils
  An octopode (shapeshifter) (Depths:5)
  13 sirens
  18 guardian serpents
  Maurice (D:10)
  6 molten gargoyles
  4 centaur zombies
  5 stone giant skeletons
  8 frost giant skeletons
  10 water nymphs
  3 shock serpent zombies
  31 naga magi
  An elephant slug zombie (Crypt:1)
  5 eyes of devastation
  2 ice statues
  A shock serpent skeleton (Coc:2)
  16 spiny frogs
  29 orange demons
  7 storm dragon simulacra (Coc:7)
  4 titan simulacra (Coc:7)
  5 dire elephant skeletons
  60 smoke demons
  2 gargoyles
  5 apocalypse crabs
  A white draconian zombie (Crypt:1)
  A yaktaur zombie (Hell)
  A rime drake (Lair:5)
  A torpor snail (shapeshifter) (Depths:3)
  3 human zombies
  36 hellions
  15 komodo dragons
  2 yaktaur skeletons
  16 hellwings
  2 kobold demonologists (D:13)
  64 yaktaurs
  41 ice devils
  12 demonic crawlers
  12 efreet
  A yellow draconian skeleton (Crypt:2)
  37 guardian mummies
  4 anaconda simulacra (Coc:7)
  10 hydra zombies
  33 freezing wraiths
  7 tengu conjurers
  44 tormentors
  An ancient zyme (Abyss:5)
  A silent spectre (Tar:3)
  A pale draconian skeleton (Crypt:2)
  A jumping spider (shapeshifter) (Depths:3)
  35 merfolk
  10 trolls
  6 harpy zombies
  2 catoblepas skeletons
  A wind drake (shapeshifter) (Depths:1)
  A giant leech (Zig:2)
  23 small abominations
  21 polar bears
  29 two-headed ogres
  2 wind drakes
  29 red devils
  4 hydra skeletons
  3 raiju (Abyss:5)
  Prince Ribbit (D:8)
  2 jumping spiders (Depths:2)
  A queen ant zombie (Crypt:2)
  126 slime creatures
  2 tengu simulacra
  10 blink frogs
  A boulder beetle (shapeshifter) (Abyss:5)
  25 ushabtiu
  A minotaur skeleton (Tar:1)
  A spriggan zombie (Hell)
  7 bog bodies
  8 alligator zombies
  9 ice dragon zombies
  7 boulder beetles
  174 flying skulls
  A fire giant simulacrum (Vaults:1)
  11 snapping turtles
  A stone giant simulacrum (Vaults:5)
  3 black mamba zombies
  48 starcursed masses
  2 tarantellas (Vaults:3)
  3 centaur simulacra
  34 redbacks
  A vampire (D:14)
  A frost giant simulacrum (Coc:3)
  7 ettin zombies
  3 fire dragon zombies
  6 ettin skeletons
  3 alligator skeletons
  3 fire dragon skeletons
  39 ynoxinuls
  11 air elementals
  5 wyverns
  27 shadows
  An ice dragon skeleton (Geh:7)
  The ghost of Arial99 the Chopper, an amateur MiFi (D:3)
  A black mamba skeleton (Hell)
  A dire elephant simulacrum (Coc:4)
  2 fire bats (Volcano)
  23 water elementals
  53 yaks
  27 wraiths
  A basilisk (Lair:3)
  A fire bat (shapeshifter) (Vaults:1)
  18 hippogriffs
  11 golden eyes
  16 humans (D:13)
  19 chaos spawn
  A steam dragon (D:14)
  5 hungry ghosts
  19 fire elementals
  7 hogs (D:15)
  47 neqoxecs
  6 mottled dragons
  24 vampire mosquitoes
  A mottled dragon (shapeshifter) (Vaults:5)
  Menkaure (D:4)
  A redback simulacrum (D:13)
  2 spatial vortices (Geh:3)
  11 spiny frog zombies
  9 wargs
  44 hell hounds
  A soldier ant (D:12)
  A harpy simulacrum (Crypt:3)
  54 nagas
  8 hydra simulacra
  27 water moccasins
  5 giant eyeballs
  A giant eyeball (shapeshifter) (Zig:6)
  51 orc warriors
  10 porcupines
  A swamp dragon zombie (Hell)
  A black bear (shapeshifter) (Depths:3)
  A sky beast (D:12)
  2 snapping turtle zombies
  An ettin simulacrum (Coc:6)
  3 fire dragon simulacra
  5 spiny frog skeletons
  A manticore zombie (Coc:7)
  2 wasps (Depths:4)
  12 ice beasts
  8 phantoms
  42 ogres
  4 snapping turtle skeletons
  10 boggarts
  28 necrophages
  29 centaurs
  19 eyes of draining
  25 wolves
  A swamp dragon skeleton (Tar:1)
  24 crocodiles
  A manticore skeleton (Dis:5)
  11 big kobolds
  Blork the orc (D:4)
  An elf zombie (Geh:4)
  21 giant frogs
  6 earth elementals
  A gnoll sergeant (Orc:1)
  2 human skeletons (Vaults:2)
  An elf skeleton (Crypt:2)
  2 spiny frog simulacra
  3 scorpions
  A polar bear zombie (Crypt:2)
  7 killer bees (D:14)
  A hippogriff zombie (Crypt:2)
  A snapping turtle simulacrum (Crypt:3)
  A troll skeleton (Crypt:1)
  82 wights
  4 howler monkeys
  5 electric eels
  2 lava snakes (Volcano)
  A wolf skeleton (Crypt:2)
  15 crimson imps
  2 human simulacra (Vaults:2)
  3 giant frog zombies
  6 hounds
  2 quasits
  4 centaur skeletons
  47 jellies
  29 orc priests
  2 giant frog skeletons
  16 iron imps
  33 orc wizards
  A black bear skeleton (Crypt:2)
  8 iguanas
  8 worker ants
  28 sheep
  2 naga zombies
  A tengu zombie (Tar:7)
  A crocodile skeleton (Crypt:1)
  2 hound skeletons
  38 mummies
  Robin (D:3)
  15 adders
  7 gnolls
  86 river rats
  A howler monkey skeleton (D:4)
  9 shadow imps
  17 white imps
  An ufetubus (Depths:3)
  2 oozes (D:1)
  2 adder skeletons
  9 worms
  7 ball lightnings (Pan)
  2 dart slugs (D:2)
  9 giant geckos
  133 orcs
  3 ball pythons
  5 bats
  6 giant cockroaches
  12 hobgoblins
  11 jackals
  2 quokkas
  A ball python zombie (D:5)
  A giant cockroach zombie (D:6)
  8 giant newts
  A giant newt zombie (Crypt:1)
  15 goblins
  2 jackal skeletons
  20 kobolds
  2 kobold zombies
  2 orc zombies
  11 rats
  18 crawling corpses
  An eldritch tentacle segment (Dis:3)
  2 fungi
  A lurking horror (Abyss:5)
  10 plants
  A spectral weapon (D:12)
  6 starspawn tentacles
  14 tentacles
5757 creatures vanquished.

Vanquished Creatures (collateral kills)
  A dire elephant (Lair:8)
1 creature vanquished.

Vanquished Creatures (others)
  An ancient lich (Vaults:5)
  A lich (Depths:3)
  4 deep elf master archers
  2 eldritch tentacles
  A greater naga (Snake:3)
  A fire giant (D:12)
  2 deep elf sorcerers (Elf:3)
  A balrug (Pan)
  2 deep elf elementalists (Elf:3)
  An elemental wellspring (Coc:4)
  3 stone giants
  A war gargoyle (Vaults:5)
  2 fire dragons
  A merfolk javelineer (Shoals:4)
  3 yaktaur captains
  A rakshasa (Pan)
  An ice dragon (Coc:7)
  A centaur warrior (Depths:3)
  A satyr (Shoals:4)
  A naga sharpshooter (Snake:4)
  A deep elf knight (Elf:3)
  A skeletal warrior (Tomb:2)
  5 deep elf archers
  A necromancer (Vaults:5)
  A torturous demonspawn (Pan)
  An iron dragon skeleton (Coc:7)
  3 deep elf magi
  2 vault sentinels
  A naga mage (Snake:4)
  A smoke demon (Abyss:5)
  13 yaktaurs
  A wolf spider simulacrum (D:15)
  A troll (D:12)
  An ushabti (Tomb:3)
  22 flying skulls
  A wraith (Geh:5)
  A large abomination (Pan)
  A yak (IceCv)
  A harpy simulacrum (Depths:2)
  2 nagas
  An orc warrior (Orc:2)
  A starcursed mass (Abyss:5)
  An eye of draining (Abyss:5)
  A fire dragon simulacrum (Tomb:3)
  A necrophage (Geh:2)
  2 ogres
  3 wolves (IceCv)
  3 centaurs
  A small abomination (Abyss:5)
  5 wights
  An orc wizard (Orc:2)
  5 mummies
  7 ball lightnings (Pan)
  An orc (Orc:1)
  9 bushes (Elf:2)
  113 eldritch tentacle segments
  33 fungi
  10 lost souls
  30 plants
  17 spectral weapons
  33 starspawn tentacles
  105 starspawn tentacle segments
  22 tentacles
  1204 tentacle segments
1701 creatures vanquished.

Grand Total: 7459 creatures vanquished

Notes
Turn   | Place    | Note
--------------------------------------------------------------
     0 | D:1      | inmateoo the Demonspawn Wanderer began the quest for the Orb.
     0 | D:1      | inmateoo set off with: a book of Battle, Kikubaaqudgha's Incunabulum of Darkness, a scroll of teleportation, a +0 robe, a +0 club, a bread ration
     0 | D:1      | Reached XP level 1. HP: 13/13 MP: 6/6
     0 | D:1      | Identified Kikubaaqudgha's Incunabulum of Darkness
   322 | D:1      | Learned a level 1 spell: Infusion
   422 | D:1      | Reached skill level 1 in Unarmed Combat
   681 | D:1      | Gained mutation: You regenerate a little health from kills. [demonic ancestry]
   681 | D:1      | Reached XP level 2. HP: 16/20 MP: 1/8
   751 | D:1      | Reached skill level 1 in Fighting
   819 | D:1      | Learned a level 1 spell: Pain
   882 | D:1      | Found a glowing golden altar of the Shining One.
  1022 | D:1      | Reached skill level 2 in Unarmed Combat
  1099 | D:1      | Gained mutation: You have large cloven feet. [demonic ancestry]
  1099 | D:1      | Reached XP level 3. HP: 20/26 MP: 5/9
  1668 | D:2      | Found an oddly glowing altar of Pakellas.
  1936 | D:2      | Learned a level 2 spell: Shroud of Golubria
  1940 | D:2      | Learned a level 3 spell: Regeneration
  1944 | D:2      | Learned a level 3 spell: Spectral Weapon
  2014 | D:2      | Reached XP level 4. HP: 26/32 MP: 2/11
  2383 | D:2      | Found a basalt altar of Yredelemnul.
  2555 | D:2      | Reached skill level 1 in Necromancy
  2828 | D:3      | Noticed Robin
  2848 | D:3      | Killed Robin
  2853 | D:3      | Reached skill level 3 in Unarmed Combat
  2945 | D:3      | Noticed Arial99's ghost (amateur MiFi)
  3024 | D:4      | Gained mutation: When hurt, damage is shared between your health and your magic reserves. [demonic ancestry]
  3024 | D:4      | Reached XP level 5. HP: 38/38 MP: 12/12
  3175 | D:4      | Noticed a phantom
  3655 | D:3      | Found a stormy altar of Qazlal.
  3657 | D:3      | Found an ancient bone altar of Kikubaaqudgha.
  3662 | D:3      | Found a shadowy altar of Dithmenos.
  3662 | D:3      | Found a snail-covered altar of Cheibriados.
  3662 | D:3      | Found a shimmering altar of Xom.
  3663 | D:3      | Found a radiant altar of Vehumet.
  3670 | D:3      | Became a worshipper of Cheibriados the Contemplative
  3941 | D:4      | Noticed Blork the orc
  3986 | D:3      | Learned a level 3 spell: Vampiric Draining
  4053 | D:3      | Reached XP level 6. HP: 33/46 MP: 5/13
  4240 | D:4      | Found a sacrificial altar of Ru.
  4287 | D:4      | Noticed Menkaure
  4294 | D:4      | Killed Menkaure
  4294 | D:4      | Reached skill level 4 in Unarmed Combat
  4315 | D:4      | Gained mutation: You have hoof-like feet. [demonic ancestry]
  4315 | D:4      | Reached XP level 7. HP: 52/52 MP: 12/14
  4362 | D:4      | Reached * piety under Cheibriados
  4528 | D:4      | Killed Blork the orc
  4734 | D:5      | Entered Level 5 of the Dungeon
  4754 | D:5      | Reached skill level 5 in Unarmed Combat
  4844 | D:6      | Got a heavily runed leather armour
  4901 | D:5      | Identified the +3 leather armour of Free Will {rElec Slay+3} (You found it on level 6 of the Dungeon)
  5132 | D:5      | Got a creamy pearl robe
  5139 | D:5      | Gained mutation: You are resistant to hostile enchantments. [potion of mutation]
  5139 | D:5      | Gained mutation: You have a pair of small horns on your head. [potion of mutation]
  5139 | D:5      | Gained mutation: You can translocate small distances at will. [potion of mutation]
  5150 | D:5      | Reached skill level 1 in Dodging
  5180 | D:5      | Reached skill level 6 in Unarmed Combat
  5240 | D:5      | Gained mutation: You have hooves in place of feet. [demonic ancestry]
  5240 | D:5      | Reached XP level 8. HP: 60/60 MP: 8/15
  5534 | D:5      | Reached ** piety under Cheibriados
  5630 | D:6      | Reached skill level 7 in Unarmed Combat
  5856 | D:6      | Got a thick robe
  6175 | D:6      | Found a staircase to the Ecumenical Temple.
  6242 | D:7      | Found a flagged portal.
  6289 | Bailey   | Entered a bailey
  6301 | Bailey   | Noticed PeterLawrence's ghost (novice MiFi)
  6347 | D:7      | Reached *** piety under Cheibriados
  6537 | D:3      | Killed Arial99's ghost
  6556 | D:3      | Reached skill level 8 in Unarmed Combat
  6719 | D:7      | Found a white marble altar of Elyvilon.
  6740 | D:7      | Gained mutation: You are partially covered in molten scales (AC +1). [demonic ancestry]
  6740 | D:7      | Reached XP level 9. HP: 63/65 MP: 16/16
  6788 | D:7      | Reached skill level 1 in Invocations
  7470 | D:8      | Noticed Prince Ribbit
  7481 | D:8      | Killed Prince Ribbit
  7484 | D:8      | Found a sparkling altar of Nemelex Xobeh.
  7495 | D:8      | Reached **** piety under Cheibriados
  7744 | D:8      | Reached skill level 9 in Unarmed Combat
  7762 | D:8      | Reached skill level 1 in Armour
  8093 | D:9      | Learned a level 2 spell: Song of Slaying
  8391 | D:9      | Gained mutation: You are mostly covered in molten scales (AC +3, EV -1). [demonic ancestry]
  8391 | D:9      | Reached XP level 10. HP: 65/73 MP: 17/17
  8599 | D:10     | Entered Level 10 of the Dungeon
  8616 | D:10     | Noticed Maurice
  8852 | D:10     | Reached ***** piety under Cheibriados
  8897 | D:10     | Killed Maurice
  8897 | D:10     | Reached skill level 5 in Fighting
  8897 | D:10     | Reached skill level 5 in Charms
  8940 | D:10     | Noticed a hill giant
  8954 | D:10     | Killed a hill giant
  8956 | D:10     | Reached skill level 10 in Unarmed Combat
  8956 | D:10     | Reached skill level 5 in Invocations
  9005 | D:10     | Reached skill level 1 in Translocations
  9067 | D:10     | Killed an unseen horror
  9156 | D:10     | Reached XP level 11. HP: 80/80 MP: 12/18
  9277 | D:10     | Found a staircase to the Lair.
  9436 | D:11     | Noticed a hill giant
  9444 | D:11     | Killed a hill giant
  9468 | D:11     | Found a roughly hewn altar of Beogh.
  9468 | D:11     | Noticed an orc knight
  9493 | D:11     | Killed an orc knight
  9754 | D:11     | Reached ****** piety under Cheibriados
  9769 | D:11     | Noticed a hill giant
  9775 | D:11     | Killed a hill giant
  9775 | D:11     | Reached skill level 11 in Unarmed Combat
 10019 | D:11     | Noticed a hill giant
 10029 | D:11     | Killed a hill giant
 10284 | D:12     | Noticed Nergalle
 10421 | D:12     | Noticed a hill giant
 10426 | D:12     | Killed a hill giant
 10577 | D:12     | Found a staircase to the Orcish Mines.
 10920 | D:12     | Noticed a cyan ugly thing
 10932 | D:12     | Killed a cyan ugly thing
 10932 | D:12     | Reached skill level 5 in Dodging
 11195 | D:12     | Found a runed door.
 11195 | D:12     | Noticed a hill giant
 11195 | D:12     | Noticed a deep elf mage
 11235 | D:12     | Killed a deep elf mage
 11235 | D:12     | Reached skill level 5 in Armour
 11238 | D:12     | Killed a hill giant
 11238 | D:12     | Gained mutation: You are completely covered in molten scales (AC +4, EV -1, rF+). [demonic ancestry]
 11238 | D:12     | Reached XP level 12. HP: 76/90 MP: 20/20
 11313 | D:12     | Killed Nergalle
 11325 | D:12     | Noticed a deep troll earth mage
 11335 | D:12     | Killed a deep troll earth mage
 11608 | D:12     | Found a runed door.
 11776 | D:12     | Reached skill level 12 in Unarmed Combat
 11951 | D:12     | Noticed a six-headed hydra
 11961 | D:12     | Killed a six-headed hydra
 12156 | D:13     | Noticed a tengu warrior
 12168 | D:13     | Killed a tengu warrior
 12289 | D:13     | Noticed Rupert
 12589 | Lair:1   | Entered Level 1 of the Lair of Beasts
 13006 | Lair:1   | You fall through a shaft!
 13044 | Lair:2   | Learned a level 6 spell: Hydra Form
 14518 | Lair:1   | Identified the +3 robe of the Five Cities {rC+ rN+ Str-3 Int+4} (You found it on level 5 of the Dungeon)
 14528 | Lair:1   | Identified the +2 robe of Rationality {+Fly rC- Int+6} (You found it on level 6 of the Dungeon)
 14652 | Lair:3   | Gained mutation: You regenerate magic rapidly. [demonic ancestry]
 14652 | Lair:3   | Reached XP level 13. HP: 98/98 MP: 19/23
 14700 | Lair:3   | Reached skill level 1 in Transmutations
 14744 | Lair:3   | Noticed Urug
 14756 | Lair:3   | Killed Urug
 15139 | Lair:3   | Found a staircase to the Shoals.
 15152 | Lair:3   | Reached skill level 13 in Unarmed Combat
 15536 | Lair:4   | Found a frozen archway.
 15567 | IceCv    | Entered an ice cave
 15917 | IceCv    | Noticed a frost giant
 15934 | IceCv    | Killed a frost giant
 16300 | Lair:4   | Gained mutation: You are highly resistant to hostile enchantments. [potion of mutation]
 16300 | Lair:4   | Gained mutation: You are covered in fur (AC +1). [potion of mutation]
 16300 | Lair:4   | Gained mutation: Your body sometimes deteriorates upon taking damage. [potion of mutation]
 16751 | Lair:5   | Gained mutation: When low on magic, you restore magic in place of health. [demonic ancestry]
 16751 | Lair:5   | Reached XP level 14. HP: 108/108 MP: 18/25
 16781 | Lair:5   | Identified a scroll of acquirement
 16784 | Lair:5   | Got a bronze plate armour
 17106 | Lair:5   | Reached skill level 10 in Fighting
 17207 | Lair:5   | Learned a level 3 spell: Stone Arrow
 17347 | Lair:5   | Got a shimmering leather armour
 17358 | Lair:5   | Identified the +3 leather armour of Patterns {Regen+} (You found it on level 5 of the Lair of Beasts)
 17394 | Lair:5   | Identified the +11 plate armour of Dithmenos's Pride {MR+ Int+3} (You acquired it on level 5 of the Lair of Beasts)
 17804 | Lair:6   | Reached skill level 1 in Earth Magic
 17810 | Lair:6   | Found a staircase to the Snake Pit.
 17830 | Lair:6   | Reached skill level 14 in Unarmed Combat
 17932 | Lair:6   | Reached skill level 15 in Unarmed Combat
 17932 | Lair:6   | Reached XP level 15. HP: 63/114 MP: 27/27
 18378 | Lair:7   | Reached skill level 5 in Transmutations
 18473 | Lair:7   | Found a dark tunnel.
 18480 | Volcano  | Entered a volcano
 18568 | Volcano  | Found a burning altar of Makhleb.
 19147 | Lair:8   | Entered Level 8 of the Lair of Beasts
 19147 | Lair:8   | Noticed Nessos
 19170 | Lair:8   | Killed Nessos
 19180 | Lair:8   | Reached XP level 16. HP: 44/123 MP: 14/29
 19686 | Lair:8   | Learned a level 1 spell: Apportation
 19689 | Lair:8   | Learned a level 2 spell: Blink
 19694 | Lair:8   | Learned a level 4 spell: Passage of Golubria
 19936 | Lair:8   | Found a staircase to the Slime Pits.
 20911 | D:12     | Noticed a storm dragon
 20919 | D:12     | Killed a storm dragon
 20961 | D:12     | Learned a level 7 spell: Dragon Form
 21047 | Orc:1    | Entered Level 1 of the Orcish Mines
 21349 | Orc:2    | Entered Level 2 of the Orcish Mines
 21618 | Orc:2    | Found a staircase to the Elven Halls.
 21755 | Orc:2    | Found Ibuf's Distillery.
 21798 | Orc:2    | Found Pitinar's Book Boutique.
 21799 | Orc:2    | Found Azaghoudu's Antique Armour Emporium.
 21800 | Orc:2    | Found Homigh's Food Boutique.
 21845 | Orc:2    | Bought 2 potions of might for 144 gold pieces
 21845 | Orc:2    | Bought a potion of curing for 54 gold pieces
 21845 | Orc:2    | Bought a potion of heal wounds for 90 gold pieces
 21845 | Orc:2    | Bought a potion of curing for 54 gold pieces
 21845 | Orc:2    | Bought a potion of curing for 54 gold pieces
 21857 | Orc:2    | Bought a pair of runed gloves for 112 gold pieces
 21857 | Orc:2    | Bought a runed cloak for 112 gold pieces
 21899 | Orc:2    | Bought a book of the Tempests for 980 gold pieces
 21899 | Orc:2    | Bought a book of Minor Magic for 280 gold pieces
 22625 | D:13     | Killed Rupert
 22625 | D:13     | Reached skill level 16 in Unarmed Combat
 22739 | D:13     | Found a gate to the Vaults.
 22957 | D:14     | Gained mutation: Your magical and physical power is slightly enhanced at high health. [demonic ancestry]
 22957 | D:14     | Reached XP level 17. HP: 131/131 MP: 30/30
 23066 | D:14     | Found Huggyuf's Armour Shoppe.
 23082 | D:14     | Bought a +0 cloak of poison resistance for 153 gold pieces
 23580 | D:14     | Reached skill level 5 in Translocations
 23632 | D:15     | Entered Level 15 of the Dungeon
 23721 | D:15     | Reached skill level 5 in Earth Magic
 23731 | D:15     | Learned a level 2 spell: Repel Missiles
 23812 | D:15     | Found a staircase to the Depths.
 23928 | D:15     | Noticed Kirke
 23928 | D:15     | Noticed Azrael
 23930 | D:15     | Reached skill level 10 in Spellcasting
 23934 | D:15     | Killed Azrael
 23939 | D:15     | Killed Kirke
 24141 | D:15     | Reached skill level 10 in Invocations
 24813 | Snake:1  | Entered Level 1 of the Snake Pit
 24899 | Snake:1  | Reached skill level 10 in Armour
 25240 | Snake:1  | Reached XP level 18. HP: 103/140 MP: 23/32
 25842 | Snake:2  | Noticed Agnes
 25855 | Snake:2  | Killed Agnes
 25989 | Snake:2  | Reached skill level 5 in Shields
 26515 | Snake:3  | Reached skill level 17 in Unarmed Combat
 27298 | Snake:4  | Entered Level 4 of the Snake Pit
 27307 | Snake:4  | Noticed Arial99's ghost (adept MiFi)
 27334 | Snake:4  | Killed Arial99's ghost
 27418 | Snake:4  | Noticed Roxanne
 27426 | Snake:4  | Killed Roxanne
 27437 | Snake:4  | Learned a level 6 spell: Statue Form
 27603 | Snake:4  | Reached XP level 19. HP: 125/148 MP: 29/34
 27912 | Snake:4  | Noticed Vashnia
 28174 | Snake:4  | Killed Vashnia
 28317 | Snake:4  | Reached skill level 18 in Unarmed Combat
 28396 | Snake:4  | Got a serpentine rune of Zot
 28500 | Snake:4  | Noticed Asterion
 28510 | Snake:4  | Killed Asterion
 28699 | Shoals:1 | Entered Level 1 of the Shoals
 28787 | Shoals:1 | Noticed Louise
 28801 | Shoals:1 | Killed Louise
 28803 | Shoals:1 | Got a brightly glowing large shield
 28805 | Shoals:1 | Identified the +4 large shield "Midoik" {Int+3 Stlth+} (You took it off Louise on level 1 of the Shoals)
 29105 | Shoals:1 | Noticed Aizul
 29118 | Shoals:1 | Killed Aizul
 29485 | Vaults:1 | Entered Level 1 of the Vaults
 29597 | Vaults:1 | Noticed Nikola
 29609 | Vaults:1 | Killed Nikola
 29804 | Vaults:1 | Reached skill level 10 in Transmutations
 29855 | Vaults:1 | Reached XP level 20. HP: 157/157 MP: 35/35
 31020 | Vaults:2 | Noticed Mennas
 31030 | Vaults:2 | Killed Mennas
 31555 | Vaults:2 | Reached skill level 19 in Unarmed Combat
 32429 | Vaults:3 | Found a staircase to the Crypt.
 32429 | Vaults:3 | Found a basalt altar of Yredelemnul.
 32430 | Vaults:3 | Found an ancient bone altar of Kikubaaqudgha.
 32458 | Vaults:3 | Gained mutation: You regenerate health from kills. [demonic ancestry]
 32458 | Vaults:3 | Reached XP level 21. HP: 146/165 MP: 34/37
 32959 | Vaults:3 | Noticed Wiglaf
 32970 | Vaults:3 | Killed Wiglaf
 33522 | Vaults:4 | Reached skill level 10 in Earth Magic
 35978 | Shoals:3 | Noticed Polyphemus
 35988 | Shoals:3 | Killed Polyphemus
 36188 | Shoals:4 | Entered Level 4 of the Shoals
 36464 | Shoals:4 | Gained mutation: You regenerate a lot of health from kills. [demonic ancestry]
 36464 | Shoals:4 | Reached XP level 22. HP: 174/174 MP: 34/39
 36583 | Shoals:4 | Noticed Ilsuiw
 36589 | Shoals:4 | Killed Ilsuiw
 36592 | Shoals:4 | Reached skill level 10 in Shields
 36596 | Shoals:4 | Reached skill level 1 in Air Magic
 36704 | Shoals:4 | Lost mutation: You have a pair of small horns on your head. [miscasting Statue Form]
 36786 | Shoals:4 | Reached skill level 15 in Fighting
 36794 | Shoals:4 | Got a barnacled rune of Zot
 37001 | Shoals:4 | Reached skill level 20 in Unarmed Combat
 37368 | Elf:1    | Entered Level 1 of the Elven Halls
 37493 | Elf:1    | Found Ossebus's Magic Scroll Shoppe.
 37648 | Elf:1    | Identified Ts'ui Pên's Papyrus of Forking Paths
 37660 | Elf:1    | Bought a scroll of enchant armour for 127 gold pieces
 37660 | Elf:1    | Bought a scroll of identify for 34 gold pieces
 37660 | Elf:1    | Bought a scroll of identify for 34 gold pieces
 37660 | Elf:1    | Bought a scroll of remove curse for 51 gold pieces
 37660 | Elf:1    | Bought 3 scrolls of blinking for 382 gold pieces
 37699 | Elf:1    | Learned a level 9 spell: Tornado
 37741 | Elf:1    | Identified the Catalogue of Sand
 37748 | Elf:1    | Identified Hyduc's Compendium of Plaster Cramp
 38580 | Elf:2    | Found a runed gate.
 38582 | Elf:2    | Found a runed gate.
 38585 | Elf:2    | Found a runed gate.
 38684 | Elf:2    | Noticed Jorgrun
 38688 | Elf:2    | Killed Jorgrun
 38692 | Elf:3    | Entered Level 3 of the Elven Halls
 38777 | Elf:3    | Found Didonog's Gadget Shoppe.
 38783 | Elf:3    | Noticed Scarto's ghost (adept GrFi)
 38792 | Elf:3    | Killed Scarto's ghost
 38875 | Elf:3    | Found Eriwyero's Magic Scroll Emporium.
 38883 | Elf:3    | Bought a scroll of acquirement for 728 gold pieces
 38891 | Elf:3    | Got a pair of ancient gloves
 38892 | Elf:3    | Identified the +5 pair of gloves "Luly" {Int+2} (You acquired it on level 3 of the Elven Halls)
 38895 | Elf:3    | Got a dazzling crystal plate armour
 38896 | Elf:3    | Identified the +0 crystal plate armour of Suobievu {Dex+5} (You acquired it on level 3 of the Elven Halls)
 38983 | Elf:3    | Found Nyrij's Food Emporium.
 39182 | Elf:3    | Reached skill level 5 in Air Magic
 39187 | Elf:3    | Reached XP level 23. HP: 181/181 MP: 34/40
 39264 | Elf:3    | Got a wavering platinum ring
 39319 | Elf:3    | Identified the Volume of Torrid Sinister Rituals
 39337 | Elf:3    | Identified the ring "Zotzul" {+Inv MR++ Int-4 Stlth-} (You took it off a deep elf annihilator on level 3 of the Elven Halls)
 39354 | Elf:3    | Identified the Handbook of Earth
 39374 | Elf:3    | Identified Sif Muna's Reference Book on Enchantment and Shape Shifting
 39560 | Elf:3    | Found Toigibb's Assorted Antiques.
 39570 | Elf:3    | Bought a scorched helmet for 275 gold pieces
 39570 | Elf:3    | Bought a scroll of identify for 58 gold pieces
 39570 | Elf:3    | Bought a scroll of identify for 58 gold pieces
 39571 | Elf:3    | Identified the +0 helmet of Xopoel {rF+ Slay+2} (You bought it in a shop on level 3 of the Elven Halls)
 40245 | Vaults:5 | Entered Level 5 of the Vaults
 40437 | Vaults:5 | Reached skill level 21 in Unarmed Combat
 40445 | Vaults:5 | Noticed an ancient lich
 40456 | Vaults:5 | Killed an ancient lich
 40483 | Vaults:5 | Found Kazi's Gadget Emporium.
 40499 | Vaults:5 | Identified the Reference Book on the Creative Arsonist
 40609 | Vaults:5 | Reached XP level 24. HP: 190/190 MP: 41/41
 40778 | Vaults:5 | Noticed Boris
 40781 | Vaults:5 | Killed Boris
 40830 | Vaults:5 | Got a pair of distressingly furry gloves
 40831 | Vaults:5 | Identified the cursed +0 pair of gloves "Emekauv" {rCorr} (You found it on level 5 of the Vaults)
 40860 | Vaults:5 | Learned a level 6 spell: Deflect Missiles
 40862 | Vaults:5 | Identified the Volume of Toxins and the Glacier (You found it on level 5 of the Vaults)
 41079 | Vaults:5 | Got a silver rune of Zot
 41521 | Vaults:5 | Got a pair of polished gloves
 41522 | Vaults:5 | Identified the +3 pair of gloves "Ceasus" {rElec} (You acquired it on level 5 of the Vaults)
 41528 | Vaults:5 | Identified Fosarinu's Grimoire of Weightlessness and Poison (You found it on level 5 of the Vaults)
 41901 | Depths:1 | Entered Level 1 of the Depths
 41912 | Depths:1 | Found a gateway to Hell.
 41940 | Depths:1 | Found a one-way gate to the infinite horrors of the Abyss.
 42159 | Depths:1 | Reached skill level 15 in Spellcasting
 42441 | Depths:2 | Reached skill level 10 in Air Magic
 43064 | Depths:2 | Gained mutation: Your magical and physical power is enhanced at high health. [demonic ancestry]
 43064 | Depths:2 | Reached XP level 25. HP: 197/197 MP: 40/42
 43299 | Depths:3 | Found a gateway to a ziggurat.
 43603 | Depths:3 | Noticed Margery
 43609 | Depths:3 | Killed Margery
 43810 | Depths:3 | Noticed Saint Roka
 43815 | Depths:3 | Killed Saint Roka
 43953 | Depths:3 | Reached skill level 22 in Unarmed Combat
 44800 | Depths:3 | Found a one-way gate leading to the halls of Pandemonium.
 44891 | Depths:3 | Noticed Sojobo
 44901 | Depths:3 | Killed Sojobo
 45309 | Depths:2 | Gained mutation: Your magical and physical power is greatly enhanced at high health. [demonic ancestry]
 45309 | Depths:2 | Reached XP level 26. HP: 206/206 MP: 31/43
 45371 | Depths:2 | Got a glittering amber ring
 45495 | Depths:2 | Identified the cursed ring of Lamod {AC-3 Str+3 Stlth-} (You took it off a vampire knight on level 2 of the Depths)
 45711 | Depths:4 | Gained mutation: Your flesh is cold resistant. [potion of beneficial mutation]
 45747 | Depths:4 | Got a pitted lead amulet
 45749 | Depths:4 | Identified the amulet of the Kraken {Harm *Drain rPois rF- SInv Stlth+} (You found it on level 4 of the Depths)
 45762 | Depths:4 | Learned a level 5 spell: Blade Hands
 45891 | Depths:5 | Entered Level 5 of the Depths
 46037 | Depths:5 | Found Zeduthrett's Assorted Antiques.
 46063 | Depths:5 | Bought a scroll of acquirement for 1716 gold pieces
 46063 | Depths:5 | Bought a potion of curing for 99 gold pieces
 46063 | Depths:5 | Bought a scroll of identify for 66 gold pieces
 46063 | Depths:5 | Bought a potion of might for 132 gold pieces
 46123 | Depths:5 | Noticed a juggernaut
 46128 | Depths:5 | Killed a juggernaut
 46378 | Depths:5 | Found a gate to the Realm of Zot.
 46394 | Zot:1    | Entered Level 1 of the Realm of Zot
 46539 | Zot:1    | Noticed an orb of fire
 46546 | Zot:1    | Killed an orb of fire
 46729 | Zot:1    | Reached skill level 23 in Unarmed Combat
 47179 | Zot:2    | Reached XP level 27. HP: 215/215 MP: 44/44
 48698 | Zot:4    | Noticed an orb of fire
 48702 | Zot:4    | Killed an orb of fire
 48722 | Zot:4    | Reached skill level 15 in Transmutations
 48847 | Zot:4    | Reached skill level 24 in Unarmed Combat
 48969 | Zot:4    | Noticed an orb of fire
 48969 | Zot:4    | Gained mutation: Armour fits poorly on your strangely shaped body. [an orb of fire]
 48972 | Zot:4    | Gained mutation: You expend magic power (3 MP) to strengthen your wands. [an orb of fire]
 48978 | Zot:4    | Killed an orb of fire
 49455 | Zot:5    | Entered Level 5 of the Realm of Zot
 50476 | Slime:1  | Entered Level 1 of the Pits of Slime
 50605 | Slime:1  | Gained mutation: You are clumsy. (Dex -2) [a shining eye]
 51419 | Slime:4  | Reached skill level 15 in Air Magic
 52189 | Slime:6  | Entered Level 6 of the Pits of Slime
 52229 | Slime:6  | Noticed the Royal Jelly
 52240 | Slime:6  | Killed the Royal Jelly
 52286 | Slime:6  | Got a slimy rune of Zot
 52340 | Slime:6  | Got a glittering amethyst amulet
 52341 | Slime:6  | Identified the amulet of Descent {Regen+ Str+3} (You found it on level 6 of the Pits of Slime)
 52371 | Slime:6  | Learned a level 8 spell: Necromutation
 52400 | Slime:6  | Got a transparent buckler
 52401 | Slime:6  | Identified the +6 buckler "Lawkoch" {rC++ Int+2} (You acquired it on level 6 of the Pits of Slime)
 52478 | Slime:3  | Gained mutation: Your spells are a little easier to cast, but a little less powerful. [a shining eye]
 52511 | Slime:2  | Lost mutation: Your spells are a little easier to cast, but a little less powerful. [potion of cure mutation]
 52511 | Slime:2  | Lost mutation: Your flesh is cold resistant. [potion of cure mutation]
 52511 | Slime:2  | Lost mutation: You expend magic power (3 MP) to strengthen your wands. [potion of cure mutation]
 52511 | Slime:2  | Lost mutation: Your body sometimes deteriorates upon taking damage. [potion of cure mutation]
 53216 | Pan      | Entered Pandemonium
 53464 | Pan      | Noticed Xoxeorch the pandemonium lord
 53466 | Pan      | Killed Xoxeorch the pandemonium lord
 53506 | Pan      | Reached skill level 5 in Necromancy
 53515 | Pan      | Reached skill level 25 in Unarmed Combat
 53835 | Pan      | Noticed Peaxka Cule the pandemonium lord
 53840 | Pan      | Killed Peaxka Cule the pandemonium lord
 53899 | Pan      | Found an exit through the horrors of the Abyss.
 54078 | Pan      | Found an exit through the horrors of the Abyss.
 54281 | Pan      | Noticed Enyulif the pandemonium lord
 54287 | Pan      | Killed Enyulif the pandemonium lord
 54334 | Pan      | Entered the realm of Mnoleg.
 54382 | Pan      | Lost mutation: You are clumsy. (Dex -2) [a neqoxec]
 54396 | Pan      | Gained mutation: You expend magic power (3 MP) to strengthen your wands. [a neqoxec]
 54397 | Pan      | Gained mutation: Your magical capacity is low (-10% MP). [a neqoxec]
 54405 | Pan      | Gained mutation: You occasionally shout uncontrollably at your foes. [a neqoxec]
 54406 | Pan      | Paralysed by a giant eyeball for 4 turns
 54408 | Pan      | Gained mutation: Scrolls take you a little longer to read. [a neqoxec]
 54419 | Pan      | Gained mutation: Scrolls take you longer to read. [a neqoxec]
 54429 | Pan      | Gained mutation: You are weak. (Str -2) [a neqoxec]
 54443 | Pan      | Gained mutation: You sometimes yell uncontrollably at your foes. [a neqoxec]
 54455 | Pan      | Reached skill level 10 in Dodging
 54465 | Pan      | Noticed Mnoleg
 54465 | Pan      | Gained mutation: Scrolls take you much longer to read. [a neqoxec]
 54472 | Pan      | Gained mutation: Your magical capacity is very low (-20% MP). [a neqoxec]
 54486 | Pan      | Killed Mnoleg
 54558 | Pan      | Got a glowing rune of Zot
 54600 | Pan      | Found an exit through the horrors of the Abyss.
 54725 | Pan      | Found an exit through the horrors of the Abyss.
 54756 | Pan      | Noticed Puol the pandemonium lord
 54766 | Pan      | Killed Puol the pandemonium lord
 54966 | Pan      | Gained mutation: You tend to lose your temper in combat. [a neqoxec]
 55020 | Pan      | Found an exit through the horrors of the Abyss.
 55042 | Pan      | Noticed Juefucett the pandemonium lord
 55062 | Pan      | Killed Juefucett the pandemonium lord
 55208 | Pan      | Noticed Sisuliza the pandemonium lord
 55216 | Pan      | Killed Sisuliza the pandemonium lord
 55314 | Pan      | Got a twitching pewter ring
 55319 | Pan      | Identified the ring "Zojaypir" {+Fly Dex+3} (You found it in Pandemonium)
 55392 | Pan      | Found an exit through the horrors of the Abyss.
 55392 | Pan      | Gained mutation: You are frail (-10% HP). [a neqoxec]
 55561 | Pan      | Found a runed door.
 55568 | Pan      | Found a runed door.
 55569 | Pan      | Found a runed door.
 55571 | Pan      | Noticed Dacagi the pandemonium lord
 55574 | Pan      | Killed Dacagi the pandemonium lord
 55574 | Pan      | Reached skill level 10 in Necromancy
 55583 | Pan      | Found a runed door.
 55634 | Pan      | Found an exit through the horrors of the Abyss.
 55910 | Pan      | Found an exit through the horrors of the Abyss.
 55944 | Pan      | Found an exit through the horrors of the Abyss.
 56178 | Pan      | Found an exit through the horrors of the Abyss.
 56502 | Pan      | Noticed Dismah the pandemonium lord
 56509 | Pan      | Killed Dismah the pandemonium lord
 56758 | Depths:3 | Escaped Pandemonium
 56760 | Pan      | Entered the realm of Gloorx Vloq.
 56760 | Pan      | Entered Pandemonium
 56877 | Pan      | Noticed Gloorx Vloq
 56887 | Pan      | Killed Gloorx Vloq
 56922 | Pan      | Got a dark rune of Zot
 56925 | Pan      | Lost mutation: You sometimes yell uncontrollably at your foes. [potion of cure mutation]
 56925 | Pan      | Lost mutation: You tend to lose your temper in combat. [potion of cure mutation]
 56925 | Pan      | Lost mutation: You occasionally shout uncontrollably at your foes. [potion of cure mutation]
 56925 | Pan      | Lost mutation: You expend magic power (3 MP) to strengthen your wands. [potion of cure mutation]
 56925 | Pan      | Lost mutation: Scrolls take you much longer to read. [potion of cure mutation]
 56925 | Pan      | Lost mutation: You are frail (-10% HP). [potion of cure mutation]
 56941 | Pan      | Found an exit through the horrors of the Abyss.
 56967 | Pan      | Noticed Futh the pandemonium lord
 56968 | Pan      | Gained mutation: Scrolls take you much longer to read. [a neqoxec]
 57088 | Pan      | Cast into level 5 of the Abyss (Futh)
 57088 | Abyss:5  | Entered Level 5 of the Abyss
 57127 | Abyss:5  | Paralysed by an apocalypse crab for 6 turns
 57194 | Pan      | Escaped the Abyss
 57206 | Pan      | Killed Futh the pandemonium lord
 57317 | Pan      | Reached skill level 26 in Unarmed Combat
 57351 | Pan      | Noticed Qocwodof the pandemonium lord
 57356 | Pan      | Killed Qocwodof the pandemonium lord
 57386 | Pan      | Got a demonic rune of Zot
 57541 | Pan      | Found an exit through the horrors of the Abyss.
 57775 | Pan      | Found an exit through the horrors of the Abyss.
 57984 | Pan      | Entered the realm of Lom Lobon.
 57994 | Pan      | Found an exit through the horrors of the Abyss.
 58122 | Pan      | Noticed Lom Lobon
 58139 | Pan      | Killed Lom Lobon
 58142 | Pan      | Got a magical rune of Zot
 58189 | Pan      | Entered the realm of Cerebov.
 58275 | Pan      | Identified the Papyrus of Enhancements and Translocation
 58296 | Pan      | Got a brightly glowing platinum ring
 58300 | Pan      | Identified the ring of the Tempest {Dex+3 Slay+2} (You found it in Pandemonium)
 58302 | Pan      | Got a vibrating emerald amulet
 58306 | Pan      | Identified the amulet of the Omega Point {Regen+ Int+4} (You found it in Pandemonium)
 58323 | Pan      | Identified the Tome of Harmful Calling
 58402 | Pan      | Got a heavily runed copper ring
 58409 | Pan      | Identified the ring of Onga {MR+ Dex+4} (You found it in Pandemonium)
 58437 | Pan      | Noticed Cerebov
 58447 | Pan      | Killed Cerebov
 58471 | Pan      | Got a fiery rune of Zot
 58571 | Pan      | Found an exit through the horrors of the Abyss.
 58586 | Pan      | Took an exit into the Abyss.
 58586 | Abyss:1  | Escaped into the Abyss
 58922 | Abyss:4  | Found a corrupted altar of Lugonu.
 59003 | Abyss:5  | Entered Level 5 of the Abyss
 59120 | Abyss:5  | Gained mutation: You occasionally shout uncontrollably at your foes. [a neqoxec]
 59168 | Abyss:5  | Paralysed by accursed screaming for 1 turns
 59191 | Abyss:5  | Paralysed by accursed screaming for 1 turns
 59265 | Abyss:5  | Got an abyssal rune of Zot
 59317 | Depths:3 | Escaped the Abyss
 59401 | Hell     | Entered the Vestibule of Hell
 59401 | Hell     | Noticed Geryon
 59414 | Hell     | Killed Geryon
 59532 | Hell     | Found a gateway to the Iron City of Dis.
 59537 | Dis:1    | Entered Level 1 of the Iron City of Dis
 60035 | Dis:3    | Reached skill level 15 in Necromancy
 60519 | Dis:5    | Lost mutation: Scrolls take you much longer to read. [mutagenic glow]
 60563 | Dis:7    | Entered Level 7 of the Iron City of Dis
 60568 | Dis:7    | Got a crude cloak
 60606 | Dis:7    | Gained mutation: You are frail (-10% HP). [mutagenic glow]
 60695 | Dis:7    | Noticed the Serpent of Hell
 60712 | Dis:7    | Killed the Serpent of Hell
 60788 | Dis:7    | Noticed Dispater
 60798 | Dis:7    | Killed Dispater
 60798 | Dis:7    | Reached skill level 15 in Dodging
 60830 | Dis:7    | Got an iron rune of Zot
 60935 | Hell     | Found a gateway to the ashen valley of Gehenna.
 60947 | Geh:1    | Entered Level 1 of Gehenna
 61108 | Geh:3    | Paralysed by the power of Zot for 5 turns
 61245 | Geh:3    | Gained mutation: Scrolls take you much longer to read. [mutagenic glow]
 61266 | Geh:3    | Gained mutation: You tend to lose your temper in combat. [mutagenic glow]
 61309 | Geh:3    | Gained mutation: Your body sometimes deteriorates upon taking damage. [mutagenic glow]
 61731 | Geh:6    | Found a huge runed gate.
 61731 | Geh:6    | Found a huge runed gate.
 61732 | Geh:6    | Found a huge runed gate.
 61732 | Geh:6    | Found a huge runed gate.
 61737 | Geh:6    | Found a huge runed gate.
 61737 | Geh:6    | Found a huge runed gate.
 61737 | Geh:6    | Found a huge runed gate.
 61737 | Geh:6    | Found a huge runed gate.
 61751 | Geh:6    | Found a huge runed gate.
 61790 | Geh:7    | Entered Level 7 of Gehenna
 61997 | Geh:7    | Identified the Almanac of Lethal Summoning
 62103 | Geh:7    | Noticed Asmodeus
 62115 | Geh:7    | Killed Asmodeus
 62154 | Geh:7    | Got an obsidian rune of Zot
 62221 | Hell     | Found a gateway to the decaying netherworld of Tartarus.
 62231 | Tar:1    | Entered Level 1 of Tartarus
 63376 | Tar:7    | Entered Level 7 of Tartarus
 63460 | Tar:7    | Paralysed by the power of Zot for 3 turns
 63877 | Tar:7    | Noticed Ereshkigal
 63907 | Tar:7    | Killed Ereshkigal
 63930 | Tar:7    | Got a bone rune of Zot
 64036 | Hell     | Identified the +0 cloak "Haodi" {*Confuse rPois Regen+ Dex+3} (You acquired it on level 7 of the Iron City of Dis)
 64080 | Hell     | Found a gateway to the freezing wastes of Cocytus.
 64105 | Coc:1    | Entered Level 1 of Cocytus
 64297 | Coc:2    | Lost mutation: You are frail (-10% HP). [potion of cure mutation]
 64297 | Coc:2    | Lost mutation: Armour fits poorly on your strangely shaped body. [potion of cure mutation]
 64297 | Coc:2    | Lost mutation: You tend to lose your temper in combat. [potion of cure mutation]
 64993 | Coc:7    | Entered Level 7 of Cocytus
 65143 | Coc:7    | Got a faintly glowing crystal amulet
 65147 | Coc:7    | Identified the amulet of Vasiebbu {Inacc rElec MR- Dex+4} (You found it on level 7 of Cocytus)
 65310 | Coc:7    | Noticed Antaeus
 65325 | Coc:7    | Killed Antaeus
 65365 | Coc:7    | Got a scintillating bone ring
 65384 | Coc:7    | Got an icy rune of Zot
 65720 | D:13     | Noticed Norris
 65728 | D:13     | Killed Norris
 65884 | Elf:1    | Learned a level 5 spell: Lee's Rapid Deconstruction
 66186 | Crypt:1  | Entered Level 1 of the Crypt
 67557 | Crypt:3  | Entered Level 3 of the Crypt
 67640 | Crypt:3  | Identified Omoja's Volume of Blistering Air
 67645 | Crypt:3  | Found an ancient bone altar of Kikubaaqudgha.
 67895 | Crypt:3  | Found a staircase to the Tomb.
 68335 | Crypt:3  | Lost mutation: Your body sometimes deteriorates upon taking damage. [potion of cure mutation]
 68335 | Crypt:3  | Lost mutation: Scrolls take you much longer to read. [potion of cure mutation]
 68335 | Crypt:3  | Lost mutation: You occasionally shout uncontrollably at your foes. [potion of cure mutation]
 68335 | Crypt:3  | Lost mutation: You are highly resistant to hostile enchantments. [potion of cure mutation]
 68359 | Tomb:1   | Entered Level 1 of the Tomb of the Ancients
 68995 | Tomb:2   | Noticed a greater mummy
 68996 | Tomb:2   | Noticed a greater mummy
 68997 | Tomb:2   | Noticed a greater mummy
 68998 | Tomb:2   | Noticed a greater mummy
 69013 | Tomb:2   | Killed a greater mummy
 69015 | Tomb:2   | Killed a greater mummy
 69018 | Tomb:2   | Killed a greater mummy
 69028 | Tomb:2   | Killed a greater mummy
 69456 | Tomb:3   | Entered Level 3 of the Tomb of the Ancients
 69466 | Tomb:3   | Noticed a greater mummy
 69466 | Tomb:3   | Noticed a greater mummy
 69475 | Tomb:3   | Killed a greater mummy
 69476 | Tomb:3   | Noticed a greater mummy
 69476 | Tomb:3   | Killed a greater mummy
 69477 | Tomb:3   | Noticed a greater mummy
 69477 | Tomb:3   | Noticed Frederick
 69486 | Tomb:3   | Killed Frederick
 69487 | Tomb:3   | Killed a greater mummy
 69487 | Tomb:3   | Reached skill level 15 in Earth Magic
 69488 | Tomb:3   | Killed a greater mummy
 69541 | Tomb:3   | Identified the ring "Saablir" {rF- AC+2 Dex+6} (You took it off a skeletal warrior on level 7 of Cocytus)
 69548 | Tomb:3   | Noticed a greater mummy
 69566 | Tomb:3   | Killed a greater mummy
 69566 | Tomb:3   | Reached skill level 1 in Evocations
 69609 | Tomb:3   | Noticed a greater mummy
 69612 | Tomb:3   | Noticed a greater mummy
 69613 | Tomb:3   | Noticed a greater mummy
 69613 | Tomb:3   | Noticed a greater mummy
 69617 | Tomb:3   | Killed a greater mummy
 69620 | Tomb:3   | Killed a greater mummy
 69627 | Tomb:3   | Killed a greater mummy
 69630 | Tomb:3   | Killed a greater mummy
 69681 | Tomb:3   | Got a golden rune of Zot
 69783 | Tomb:3   | Got a bound tin ring
 69786 | Tomb:3   | Identified the ring of Kegar {Ice rElec Str-2 Int+4} (You found it on level 3 of the Tomb of the Ancients)
 69788 | Tomb:3   | Got a vibrating steel ring
 69791 | Tomb:3   | Identified the ring "Qeanoo" {rPois Str+3} (You found it on level 3 of the Tomb of the Ancients)
 69833 | Zig:1    | Entered Level 1 of a ziggurat
 69848 | Zig:2    | Entered Level 2 of a ziggurat
 69871 | Zig:2    | Got a pair of blackened gloves
 69875 | Zig:2    | Identified the cursed -3 pair of gloves of Lugonu's Anger {MR+ Int-3 Dex+3 SInv} (You found it on level 2 of a ziggurat)
 69878 | Zig:3    | Entered Level 3 of a ziggurat
 69909 | Zig:4    | Entered Level 4 of a ziggurat
 69928 | Zig:4    | Identified the Volume of Shifting Orientation
 69947 | Zig:5    | Entered Level 5 of a ziggurat
 69971 | Zig:5    | Identified the Volume of Battle Magic
 69980 | Zig:6    | Entered Level 6 of a ziggurat
 70003 | Zig:6    | Reached skill level 5 in Evocations
 70012 | Zig:6    | Got a shimmering lapis lazuli ring
 70015 | Zig:6    | Identified the ring "Wonkohur" {rF+ MR+} (You found it on level 6 of a ziggurat)
 70032 | Zig:7    | Entered Level 7 of a ziggurat
 70046 | Zig:7    | Got a brightly glowing lead ring
 70048 | Zig:7    | Got a brightly glowing golden ring
 70051 | Zig:7    | Identified the ring "Zechuno" {rPois Str+5} (You found it on level 7 of a ziggurat)
 70054 | Zig:7    | Identified the ring of Okawaru's Pride {*Tele rN+ Str+2 Int+2} (You found it on level 7 of a ziggurat)
 70056 | Zig:7    | Identified the Compendium of the Evil Entourage
 70058 | Zig:7    | Got a translucent platinum ring
 70068 | Zig:8    | Entered Level 8 of a ziggurat
 70083 | Zig:8    | Gained mutation: Your magical capacity is extremely low (-30% MP). [a shining eye]
 70116 | Zig:8    | Identified Efimet's Collected Works on Dark Rites (You found it on level 8 of a ziggurat)
 70145 | Zig:9    | Entered Level 9 of a ziggurat
 70179 | Zig:9    | Identified the ring "Duppeuw" {rC+ Str+3} (You found it on level 7 of a ziggurat)
 70179 | Zig:9    | Lost mutation: Your magical capacity is extremely low (-30% MP). [potion of cure mutation]
 70179 | Zig:9    | Lost mutation: You are weak. (Str -2) [potion of cure mutation]
 70179 | Zig:9    | Lost mutation: Scrolls take you longer to read. [potion of cure mutation]
 70179 | Zig:9    | Lost mutation: Scrolls take you a little longer to read. [potion of cure mutation]
 70179 | Zig:9    | Lost mutation: Your magical capacity is very low (-20% MP). [potion of cure mutation]
 70179 | Zig:9    | Lost mutation: Your magical capacity is low (-10% MP). [potion of cure mutation]
 70180 | Zig:9    | Gained mutation: Your flesh is cold resistant. [potion of beneficial mutation]
 70193 | Zig:10   | Entered Level 10 of a ziggurat
 70235 | Zig:11   | Entered Level 11 of a ziggurat
 70291 | Zig:11   | Got a brightly glowing golden ring
 70299 | Zig:12   | Entered Level 12 of a ziggurat
 70308 | Zig:12   | Noticed Biniyrix the pandemonium lord
 70311 | Zig:12   | Noticed Foheije the pandemonium lord
 70311 | Zig:12   | Noticed Seamis the pandemonium lord
 70313 | Zig:12   | Noticed Meroc the pandemonium lord
 70320 | Zig:12   | Killed Biniyrix the pandemonium lord
 70325 | Zig:12   | Killed Foheije the pandemonium lord
 70326 | Zig:12   | Paralysed by a giant eyeball for 3 turns
 70329 | Zig:12   | HP: 1/235 [Hell Sentinel (15)]
 70329 | Zig:12   | Demolished by a Hell Sentinel

Skill      XL: |  1  2  3  4  5  6  7  8  9 10 11 12 13 14 15 16 17 18 19 20 21 22 23 24 25 26 27 |
---------------+----------------------------------------------------------------------------------+-----
Unarmed Combat | 1 2 3 4 6 8 9 10 11 12 13 15 16 17 18 19 20 21 22 23 26 | 26.6
Fighting       | 1 2 3 4 6 7 8 9 10 11 12 13 14 15 16 17 23 | 23.1
Necromancy     | 1 21 | 21.5
Charms         | 2 3 4 5 |  5.3
Stealth        | 2 |  2.8
Dodging        | 1 3 4 5 6 7 8 9 21 | 21.4
Invocations    | 4 6 7 9 10 11 | 11.6
Armour         | 1 3 5 6 7 8 9 10 | 10.0
Translocations | 2 4 5 |  5.0
Spellcasting   | 7 8 9 10 11 12 13 14 15 16 17 25 | 25.4
Transmutations | 3 4 5 6 7 8 10 11 12 13 14 20 | 20.4
Earth Magic    | 1 3 4 6 7 8 9 10 11 12 13 15 | 15.0
Shields        | 2 4 6 7 8 9 10 11 12 13 14 | 14.8
Air Magic      | 5 8 10 11 13 24 | 24.1
Evocations     | 7 |  7.8
Fire Magic     | |  1.0

Action                   |  1- 3 |  4- 6 |  7- 9 | 10-12 | 13-15 | 16-18 | 19-21 | 22-24 | 25-27 || total
-------------------------+-------+-------+-------+-------+-------+-------+-------+-------+-------++-------
Melee: Club              |    44 |       |       |       |       |       |       |       |       ||    44
       Dagger            |   144 |    66 |    69 |   477 |   184 |       |       |       |       ||   940
       Kick              |    27 |    80 |   131 |   290 |   440 |   748 |   681 |   386 |  2481 ||  5264
       Punch             |     1 |     5 |    11 |    47 |    76 |    14 |       |       |     1 ||   155
       Rapier            |       |   184 |    20 |       |       |       |       |       |       ||   204
       Flail             |       |    30 |   174 |       |       |       |       |       |       ||   204
       Unarmed           |       |    16 |       |       |   525 |  1277 |  1331 |   911 |  5967 || 10027
       Headbutt          |       |       |    56 |   162 |   262 |   419 |   422 |    12 |       ||  1333
       Short sword       |       |       |    35 |       |       |       |       |       |       ||    35
Throw: Tomahawk          |       |     2 |     1 |    13 |       |       |       |       |       ||    16
 Cast: Infusion          |    12 |    16 |     3 |     3 |     1 |       |       |       |       ||    35
       Pain              |     2 |     3 |       |     4 |       |       |       |       |       ||     9
       Shroud of Golubri |     1 |     3 |     8 |    29 |    24 |    16 |     2 |     3 |     1 ||    87
       Regeneration      |       |     2 |     8 |    32 |    29 |    28 |    13 |     6 |    63 ||   181
       Spectral Weapon   |       |       |    23 |    57 |    15 |       |       |       |       ||    95
       Song of Slaying   |       |       |       |     6 |    18 |    13 |     3 |     2 |     1 ||    43
       Repel Missiles    |       |       |       |       |       |     2 |     5 |     6 |       ||    13
       Statue Form       |       |       |       |       |       |       |    16 |    38 |   284 ||   338
       Passage of Golubr |       |       |       |       |       |       |     1 |       |     7 ||     8
       Apportation       |       |       |       |       |       |       |     1 |       |     4 ||     5
       Dragon Form       |       |       |       |       |       |       |       |     1 |     1 ||     2
       Deflect Missiles  |       |       |       |       |       |       |       |     2 |    16 ||    18
       Blade Hands       |       |       |       |       |       |       |       |       |     1 ||     1
       Lee's Rapid Decon |       |       |       |       |       |       |       |       |    19 ||    19
       Tornado           |       |       |       |       |       |       |       |       |    18 ||    18
       Necromutation     |       |       |       |       |       |       |       |       |    12 ||    12
Invok: Slouch            |       |       |       |     1 |     6 |    12 |     8 |    13 |    20 ||    60
       Temporal Distorti |       |       |       |       |       |       |       |       |     3 ||     3
 Abil: Blink             |       |       |       |       |       |       |     4 |       |       ||     4
       End Transformatio |       |       |       |       |       |       |     1 |       |     2 ||     3
       Breathe Fire      |       |       |       |       |       |       |       |       |     1 ||     1
Evoke: Deck              |       |       |       |       |       |     4 |       |       |     1 ||     5
       Wand              |       |       |       |       |       |     1 |       |     2 |    15 ||    18
       Figurine of a zig |       |       |       |       |       |       |       |       |     1 ||     1
  Use: Scroll            |       |     5 |    16 |    10 |     9 |    14 |     7 |    14 |    78 ||   153
       Potion            |       |     1 |     5 |       |     2 |     1 |     7 |       |    21 ||    37
 Stab: Sleeping          |     1 |     3 |     4 |     4 |     9 |     2 |     3 |     6 |    11 ||    43
       Distracted        |       |     1 |     3 |     6 |     4 |     2 |       |     4 |    17 ||    37
  Eat: Chunk             |     4 |     8 |    11 |    28 |    11 |    24 |    13 |       |       ||    99
       Pizza             |       |       |       |       |       |       |     6 |     6 |     2 ||    14
       Beef jerky        |       |       |       |       |       |       |       |    10 |    15 ||    25
       Royal jelly       |       |       |       |       |       |       |       |       |     2 ||     2
       Fruit             |       |       |       |       |       |       |       |       |    32 ||    32
       Meat ration       |       |       |       |       |       |       |       |       |     9 ||     9
Armor: Robe              |    11 |       |    24 |       |       |       |       |       |       ||    35
       Leather armour    |    55 |    24 |    92 |   182 |   261 |   399 |   233 |    59 |   188 ||  1493
       Animal skin       |       |    48 |     7 |       |       |       |       |       |       ||    55
       Skin              |       |     6 |       |       |       |       |   188 |   340 |  1868 ||  2402
       Ice dragon armour |       |       |       |       |    97 |       |       |       |       ||    97
Dodge: Dodged            |   118 |   169 |   326 |   452 |   795 |   891 |   999 |   733 |  6113 || 10596
       Deflected         |       |       |       |       |       |    23 |    27 |    43 |   238 ||   331
Block: Shield            |       |       |       |       |       |   949 |  1295 |  1006 |  6790 || 10040
       Reflection        |       |       |       |       |       |    91 |   166 |   143 |   172 ||   572
